Map: Ruins of Seras

Players

lesha

  • Race: Terran Terran

A.I. 1 (Very Hard) - Winner!

  • Race: Terran Terran

VOD

Have the link to the VOD?

Description

Time

  • Played on: Dec. 4, 2015, 10:22 p.m.
  • Length: 4:33
Show
View Real Time Build Order
Export as new Build Order

lesha Terran 

Build Orders:  

Get SALT Encoding   

  12  0:01  SCV  
  13  0:13  SCV  
  14  0:19  Supply Depot  
  14  0:25  SCV  
  15  0:40  SCV  
  15  0:42  Barracks  
  16  0:52  SCV  
  17  1:05  SCV  
  18  1:17  SCV  
  19  1:22  Command Center  
  19  1:34  Orbital Command  
  19  1:36  Marine  
  20  1:53  Refinery  
  20  1:55  Refinery  
  20  1:56  Marine  
  20  2:00  SCV  
  22  2:07  Supply Depot  
  22  2:13  Marine  
  23  2:29  SCV  
  24  2:41  SCV  
  25  2:46  Supply Depot  
  25  2:49  Factory  
  25  2:53  SCV  
  25  2:54  Orbital Command  
  26  3:05  SCV  
  26  3:09  Barracks Reactor  
  26  3:17  SCV  
  27  3:29  SCV x2, Barracks  
  29  3:38  Bunker  
  29  3:41  SCV x2  
  29  3:42  Starport  
  31  3:51  Engineering Bay, Marine x2  
  31  3:53  Engineering Bay  
  33  4:03  Factory Tech Lab  
  33  4:10  Barracks  
  33  4:12  Refinery  
  33  4:13  SCV x2  
  33  4:16  Barracks  
Show
View Real Time Build Order
Export as new Build Order

A.I. 1 (Very Hard) Terran - Winner!

Build Orders:  

Get SALT Encoding   

  12  0:00  SCV  
  13  0:13  SCV  
  14  0:19  Supply Depot  
  14  0:25  SCV  
  15  0:41  SCV  
  16  0:43  Barracks  
  16  0:46  Refinery  
  16  0:53  SCV  
  17  1:03  Barracks  
  17  1:05  SCV  
  18  1:17  SCV  
  19  1:31  Marine  
  20  1:33  Orbital Command  
  20  1:39  Barracks  
  20  1:49  Marine  
  20  1:50  Marine  
  22  1:59  Supply Depot  
  22  2:00  SCV  
  23  2:08  Barracks Tech Lab x2  
  23  2:20  SCV  
  24  2:26  Marine x3  
  24  2:27  Stimpack  
  27  2:30  Concussive Shells  
  27  2:37  Supply Depot  
  27  2:44  Marine x3  
  28  2:47  SCV  
  31  3:02  Marauder x2, Marine  
  36  3:09  Supply Depot  
  36  3:20  Marine  
  36  3:23  Marine x2  
  39  3:30  Supply Depot  
  39  3:31  SCV  
  40  3:38  Marine  
  43  3:41  Marauder  
  43  3:42  Marauder  
  45  3:51  Refinery  
  45  4:08  Marauder x2  
  45  4:09  Supply Depot  
  49  4:13  SCV  
Tags
 
Add a new tag
Caveats
  • Supply blocks, unpowered buildings, or Contaminate may cause inaccurate times.
  • Supply counts are checked every 10 seconds.